 Dungeon Crawl Stone Soup version 0.28.0 (webtiles) character file.

Game seed: 10790127334188927179

2522 Sanktem7 the Cleaver (level 9, 0/81 HPs)
             Began as a Hill Orc Fighter on Feb 10, 2022.
             Was an Initiate of Gozag.
             Slain by a yak (12 damage)
             ... on level 8 of the Dungeon.
             The game lasted 00:08:38 (4273 turns).

Sanktem7 the Cleaver (Hill Orc Fighter)             Turns: 4273, Time: 00:08:40

Health: 0/81       AC: 14    Str: 23    XL:     9   Next: 54%
Magic:  9/9        EV:  8    Int:  8    God:    Gozag
Gold:   481        SH:  4    Dex: 10    Spells: 8/8 levels left

rFire   . . .      SeeInvis .   a - +0 war axe
rCold   . . .      Faith    .   c - +0 buckler
rNeg    . . .      Spirit   .   g - +0 chain mail
rPois   .          Reflect  .   o - +2 hat
rElec   .          Harm     .   (no cloak)
rCorr   .          Rampage  .   j - +0 pair of gloves
Will    .....                   (no boots)
Stlth   ..........              h - amulet of regeneration
HPRegen 1.03/turn               (no ring)
MPRegen 0.11/turn               (no ring)

@: gold aura
A: no striking features
a: Renounce Religion, Potion Petition, Call Merchant, Bribe Branch


You were on level 8 of the Dungeon.
You worshipped Gozag.
Gozag was aware of your devotion.
You visited 1 branch of the dungeon, and saw 6 of its levels.

You collected 519 gold pieces.
You paid 38 gold pieces to Gozag.

Inventory:

Hand Weapons
 a - a +0 war axe (weapon)
Armour
 c - a +0 buckler (worn)
 g - a +0 chain mail (worn)
 j - a +0 pair of gloves (worn)
 o - a +2 hat (worn)
Jewellery
 h - an amulet of regeneration (around neck)
Wands
 p - a wand of acid (7)
 u - a wand of polymorph (8)
Scrolls
 b - 2 scrolls of immolation {unknown}
 e - a scroll of noise {unknown}
 f - a scroll of magic mapping
 i - 3 scrolls of identify {unknown}
 l - 2 scrolls of blinking {unknown}
 q - 2 scrolls of teleportation {unknown}
 s - 2 scrolls of torment
 t - 2 scrolls of fear {unknown}
Potions
 d - 2 potions of might
 k - 2 potions of brilliance {unknown}
 m - 3 potions of curing {unknown}
 n - 2 potions of heal wounds {unknown}
 r - a potion of mutation {unknown}
 v - a potion of magic {unknown}


   Skills:
 * Level 7.8 Fighting
 * Level 12.0 Axes
 * Level 7.9 Armour
 - Level 3.2 Shields


You had 8 spell levels left.
You didn't know any spells.
Your spell library contained the following spells:

 Spells                   Type           Power      Damage    Failure   Level
 Call Canine Familiar     Summ           0%         N/A       100%        3
 Ozocubu's Armour         Ice            0%         N/A       100%        3
 Portal Projectile        Hex/Tloc       0%         N/A       100%        3
 Leda's Liquefaction      Hex/Erth       0%         N/A       100%        4
 Metabolic Englaciation   Hex/Ice        0%         N/A       100%        5
 Simulacrum               Ice/Necr       0%         N/A       100%        6


Dungeon Overview and Level Annotations

Branches:
Dungeon (5/15)               Lair (0/6) D:8
 Temple: D:4-7

Altars:
Cheibriados
Fedhas
Gozag
Okawaru


Message History

You hit the yak. You barely miss the yak. You completely miss the yak.
The yak gores you. You block the yak's attack. The yak gores you.
You hit the yak but do no damage.
The yak is almost dead.
You hit the yak. x2; The yak barely misses you.
The yak gores you!
* * * LOW HITPOINT WARNING * * *
The yak gores you!
* * * LOW HITPOINT WARNING * * *
You closely miss the yak.
The yak is almost dead.
You hit the yak. You hit the yak but do no damage. The yak gores you.
* * * LOW HITPOINT WARNING * * *
The yak gores you but does no damage. The yak gores you.
* * * LOW HITPOINT WARNING * * *
You hit the yak.
The yak is almost dead.
You barely miss the yak. x2; The yak gores you.
* * * LOW HITPOINT WARNING * * *
You block the yak's attack. x2
You block the yak's attack. The yak gores you but does no damage.
You slash the yak!
You kill the yak!
You hit the yak but do no damage. The yak misses you.
Your Axes skill increases to level 12!
You barely miss the yak.
The yak is moderately wounded.
You hit the yak but do no damage. The yak closely misses you.
The yak gores you but does no damage.
You barely miss the yak.
The yak is moderately wounded.
You hit the yak. The yak gores you.
* * * LOW HITPOINT WARNING * * *
The yak barely misses you.
You hit the yak but do no damage.
The yak is moderately wounded.
You closely miss the yak. The yak gores you.
* * * LOW HITPOINT WARNING * * *
The yak gores you!
You die...
Your body crumbles into a pile of gold.

#.# #.# #.# #.# #.# #.# #.# #.#
#.# #.##########.# #.#
#.##.###.#..........#######.#
.............................
#..#######.###.###.##.......#
###..#.$.....Y...###.##.###..##
.......$....$Y@......#.........
###..#.#.....#................#
... ......$....................
# #..#.#.##....#####...........
................ #........###
##.#...........#.#$#.######...)
...#.#######.......#.# #.... #.
#. ....#.#.#.# #.... #. #....


You could see 2 yaks.

Vanquished Creatures
  A centaur zombie (D:8)
  3 yaks (D:8)
  Edmund (D:5)
  2 wargs (D:8)
  An orc warrior (D:8)
  2 ogres (D:4)
  3 necrophages
  A centaur (D:8)
  A phantom (D:5)
  A scorpion (D:5)
  The ghost of Heh the Skirmisher, a weakling OpCK of Xom (D:4)
  4 wights (D:8)
  2 orc priests (D:8)
  Jessica (D:2)
  10 orc wizards
  7 adders
  A white imp (D:5)
  A worm (D:2)
  A dart slug (D:1)
  20 orcs
  4 bats
  8 endoplasms
  2 giant cockroaches
  4 goblins
  8 hobgoblins
  5 jackals (D:1)
  6 kobolds
  7 ball pythons
  2 frilled lizards
  3 rats
113 creatures vanquished.

Notes
Turn   | Place    | Note
-------+----------+-------------------------------------------
     0 | D:1      | Sanktem7 the Hill Orc Fighter began the quest for the Orb.
     0 | D:1      | Reached XP level 1. HP: 19/19 MP: 1/1
   189 | D:1      | Reached XP level 2. HP: 27/27 MP: 2/2
   264 | D:1      | Reached skill level 3 in Axes
   672 | D:1      | Reached XP level 3. HP: 26/33 MP: 3/3
   965 | D:2      | Noticed Jessica
   977 | D:2      | Killed Jessica
   978 | D:2      | Reached skill level 4 in Axes
   978 | D:2      | Reached XP level 4. HP: 38/41 MP: 4/4
  1793 | D:3      | Found a blossoming altar of Fedhas.
  2325 | D:4      | Reached skill level 5 in Axes
  2325 | D:4      | Reached XP level 5. HP: 47/47 MP: 5/5
  2459 | D:4      | Noticed a necrophage
  2466 | D:4      | Killed a necrophage
  2467 | D:4      | Reached skill level 5 in Fighting
  2467 | D:4      | Reached skill level 6 in Axes
  2467 | D:4      | Reached XP level 6. HP: 49/56 MP: 6/6
  2494 | D:4      | Reached skill level 5 in Armour
  2547 | D:4      | Found an iron altar of Okawaru.
  2547 | D:4      | Found an opulent altar of Gozag.
  2558 | D:4      | Became a worshipper of Gozag Ym Sagoz the Greedy
  2567 | D:4      | Found a large runed translucent door.
  2567 | D:4      | Found a large runed translucent door.
  2586 | D:4      | Noticed Heh's ghost (weakling OpCK)
  2697 | D:4      | Reached skill level 7 in Axes
  2697 | D:4      | Reached XP level 7. HP: 61/61 MP: 7/7
  2930 | D:4      | Killed Heh's ghost
  2977 | D:5      | Entered Level 5 of the Dungeon
  3090 | D:5      | Noticed Edmund
  3119 | D:5      | Killed Edmund
  3203 | D:5      | Reached skill level 8 in Axes
  3255 | D:5      | Reached XP level 8. HP: 61/70 MP: 8/8
  3361 | D:5      | Reached skill level 9 in Axes
  3602 | D:5      | You fall into a shaft and drop 3 floors!
  3654 | D:8      | Found a staircase to the Lair.
  3699 | D:8      | Reached skill level 10 in Axes
  3886 | D:8      | Found a snail-covered altar of Cheibriados.
  4051 | D:8      | Reached XP level 9. HP: 30/72 MP: 9/9
  4078 | D:8      | Reached skill level 11 in Axes
  4080 | D:8      | HP: 3/75 [orc priest/nerve-wracking pain (10)]
  4270 | D:8      | Reached skill level 12 in Axes
  4273 | D:8      | Slain by a yak

Illustrated notes

Levels and vault maps discovered:
D:1:      sevenhm_arrival_forest_fort_small_4, layout_loops_ring
D:2:      layout_basic, uniq_jessica
D:3:      layout_loops_ring, nicolae_overflow_crystal_walls
D:4:      layout_cave_pools, chequers_temple_overflow_statue_of_worship,
          ebering_ghost_disaster_area, st_stairs_12
D:5:      layout_loops_ring, serial_shops, nicolae_shop_behind_doors,
          uniq_edmund
D:8:      layout_basic, cheibriados_altar_1, erik_lair_orcish_takeover,
          lightli_ossuary_entry_decrepit_ruins, uniq_maurice

Skill      XL: |  1  2  3  4  5  6  7  8  9 |
---------------+----------------------------+-----
Fighting       | 4 5 6 7 |  7.8
Axes           | 3 4 5 6 7 8 10 12 | 12.0
Armour         | 4 5 6 7 |  7.9
Shields        | |  3.2

Action                   |  1- 3 |  4- 6 |  7- 9 || total
-------------------------+-------+-------+-------++-------
Melee: War axe           |    87 |   110 |   275 ||   472
  Use: Scroll            |       |     3 |       ||     3
 Stab: Distracted        |       |       |     1 ||     1
Armor: Scale mail        |    23 |       |       ||    23
       Chain mail        |    40 |    55 |   121 ||   216
Dodge: Dodged            |    43 |    39 |    52 ||   134
Block: Buckler           |    17 |    16 |    40 ||    73
